 Dungeon Crawl Stone Soup version 0.30.0-20-g3615ddf2f0 (webtiles) character file.

Game seed: 10234060288077850112

80 qw the Chopper (level 4, -1/28 HPs)
             Began as a Gargoyle Fighter on May 29, 2023.
             Slain by a gnoll
             ... wielding a +0 flail
              (5 damage)
             ... on level 2 of the Dungeon.
             The game lasted 00:00:44 (1103 turns).

qw the Chopper (Gargoyle Fighter)                   Turns: 1103, Time: 00:00:45

Health: -1/28      AC: 10    Str: 21    XL:     4   Next: 39%
Magic:  4/4        EV:  9    Int:  9    God:
Gold:   37         SH:  4    Dex:  9    Spells: 3/3 levels left

rFire   . . .        Y - +0 war axe
rCold   . . .        c - +0 buckler
rNeg    + . .        b - +0 scale mail
rPois   inf          (no helmet)
rElec   +            (no cloak)
rCorr   .            (no gloves)
SInv    .            (no boots)
Will    .....        (no amulet) Stlth
                     (no ring)
HPRegen 0.24/turn    (no ring)
MPRegen 0.09/turn

%: no passive effects
@: no status effects
A: sickness immunity, AC +3, negative energy resistance 1, electricity
resistance, torment resistance 1, petrification resistance
a: no special abilities


You were on level 2 of the Dungeon.
You visited 1 branch of the dungeon, and saw 2 of its levels.

You collected 37 gold pieces.


Innate Abilities, Weirdness & Mutations

You are immune to sickness and miasma.
Your stone body is resilient. (AC +3)
You are immune to poison.
You resist negative energy. (rN+)
You are resistant to electric shocks. (rElec)
You are resistant to unholy torment.
You are immune to petrification.


   Skills:
 - Level 3.2 Fighting
 + Level 4.1 Axes
 - Level 3.2 Armour
 - Level 3.2 Shields


You had 3 spell levels left.
You didn't know any spells.
Your spell library was empty.

Inventory:

Hand Weapons
 g - a +0 whip
 Y - a +0 war axe (weapon)
Armour
 b - a +0 scale mail (worn)
 c - a +0 buckler (worn)
Scrolls
 a - a scroll of teleportation {unknown}
Potions
 d - a potion of might
 e - a potion of invisibility {unknown}
 i - a potion of cancellation
 k - a potion of berserk rage {unknown}

Dungeon Overview and Level Annotations

Branches:
Dungeon (2/15)

Altars:


Message History

Enter note: You slash the frilled lizard!
You kill the frilled lizard!
You see here 5 poisoned darts.
Found a faded altar of an unknown god.
Enter note:
Enter note: A hobgoblin comes into view.
Enter note:
Enter note: The hobgoblin shouts!
You barely miss the hobgoblin.
The hobgoblin hits you but does no damage.
You closely miss the hobgoblin.
The hobgoblin hits you but does no damage. x2
You slash the hobgoblin!
You kill the hobgoblin!
You now have 37 gold pieces (gained 9).
A gnoll comes into view. It is wielding a +0 flail.
The gnoll shouts!
You hear a shout!
Enter note:
Enter note: You barely miss the gnoll.
The gnoll hits you with a +0 flail.
You closely miss the gnoll. The gnoll hits you with a +0 flail.
The gnoll barely misses you.
You slash the gnoll!
The gnoll is severely wounded.
The gnoll hits you with a +0 flail.
You completely miss the gnoll.
The gnoll is severely wounded.
The gnoll hits you with a +0 flail! x2
You hit the gnoll but do no damage.
The gnoll is severely wounded.
The gnoll hits you but does no damage.
A gnoll comes into view. It is wielding a +0 halberd.
You closely miss the gnoll.
The gnoll is severely wounded.
The gnoll hits you with a +0 flail.
You die...

# # . #.# .. ###g### ..
#.....##########_#
#######g# #.##...#.P....
.......@# #....#.#.....P
#######.###.##...#.P..P.
#.....###.##...P..
###.### #.#.#....P
###### #.# #...#..P..
#....# #.# ###.###.....
#.##.# #.. ...##.##...
#.##.# ### ###.###.#...
#.##.# #......###


You could see 2 gnolls.

Vanquished Creatures
  4 adders (D:2)
  A worm (D:2)
  A dart slug (D:1)
  2 ball pythons (D:1)
  4 endoplasms (D:1)
  3 giant cockroaches
  3 goblins (D:1)
  5 hobgoblins
  7 kobolds
  A bat (D:1)
  4 frilled lizards
  5 rats (D:1)
40 creatures vanquished.

Notes
Turn   | Place    | Note
-------+----------+-------------------------------------------
     0 | D:1      | qw the Gargoyle Fighter began the quest for the Orb.
     0 | D:1      | Reached XP level 1. HP: 14/14 MP: 1/1
     0 | D:1      | 0 ||| qw: Version: 0.2-a-102-g2b76a06
     0 | D:1      | 0 ||| qw: Game counter: 446
     0 | D:1      | 0 ||| qw: Always use a shield: true
     0 | D:1      | 0 ||| qw: God list: Okawaru
     0 | D:1      | 0 ||| qw: Allow faded altars: false
     0 | D:1      | 0 ||| qw: Do Orc after D:15 true
     0 | D:1      | 0 ||| qw: Do second Lair branch before Depths: true
     0 | D:1      | 0 ||| qw: Lair rune preference: random
     0 | D:1      | 0 ||| qw: Plans: Normal, Zot:1-4, Slime:5, God:TSO, Crypt,
                  | Tomb, Pan, Hells, Abyss, Win
     0 | D:1      | 0 ||| PLANNING D:1-11
    46 | D:1      | Reached skill level 2 in Axes
    85 | D:1      | Reached XP level 2. HP: 17/19 MP: 2/2
   267 | D:1      | 267 ||| DROPPING +0 club.
   471 | D:1      | Reached skill level 3 in Axes
   533 | D:1      | Reached XP level 3. HP: 21/23 MP: 3/3
   736 | D:1      | 736 ||| DROPPING ring of magical power.
   737 | D:1      | 737 ||| READING scroll labelled RONWOU REDWIE.
   738 | D:1      | 738 ||| READING scroll labelled GEILAIJOLOU.
   739 | D:1      | 739 ||| DRINKING 2 purple potions.
   740 | D:1      | 740 ||| DRINKING 2 glowing emerald potions.
   745 | D:1      | 745 ||| DROPPING potion of ambrosia.
   783 | D:2      | 783 ||| Stepping ~*~*~tactically~*~*~ (hiding).
   785 | D:2      | 785 ||| Stepping ~*~*~tactically~*~*~ (hiding).
   787 | D:2      | 787 ||| Stepping ~*~*~tactically~*~*~ (hiding).
   864 | D:2      | 864 ||| Stepping ~*~*~tactically~*~*~ (stealth).
   874 | D:2      | Reached XP level 4. HP: 28/28 MP: 4/4
   919 | D:2      | Reached skill level 4 in Axes
  1062 | D:2      | Found a faded altar of an unknown god.
  1101 | D:2      | HP: 3/28 [gnoll/+0 flail (8)]
  1103 | D:2      | Slain by a gnoll

Levels and vault maps discovered:
D:1:      sevenhm_arrival_forest_fort_small_4, layout_basic
D:2:      layout_loops_ring, shapermc_ecumenical_altar_gd

Skill      XL: |  1  2  3  4 |
---------------+-------------+-----
Axes           | 2 3 4 |  4.1
Fighting       | |  3.2
Armour         | |  3.2
Shields        | |  3.2

Action                     |  1- 3 |  4- 6 || total
---------------------------+-------+-------++-------
  Melee: War axe           |   124 |    19 ||   143
    Use: Scroll            |     2 |       ||     2
         Potion            |     2 |       ||     2
 Armour: Scale mail        |    59 |    10 ||    69
  Dodge: Dodged            |    46 |     1 ||    47
  Block: Buckler           |    23 |     2 ||    25

Table legend:
 A = Non-vault XP
 B = Vault XP
 C = Vault XP percentage of total XP
 D = Non-vault monster count
 E = Vault monster count
 F = Vault count percentage of total count
                 A         B        C        D         E       F
            +---------+---------+-------+---------+---------+-------
      Total |     115 |       0 |   0.0 |      40 |       0 |   0.0
            +---------+---------+-------+---------+---------+-------
        D:1 |      47 |       0 |   0.0 |      28 |       0 |   0.0
        D:2 |      68 |       0 |   0.0 |      12 |       0 |   0.0
            +---------+---------+-------+---------+---------+-------
